 Dungeon Crawl Stone Soup version 0.28.0-53-g5a82cb258f (webtiles) character file.

Game seed: 1062731368670855639

9622 DocClef the Blocker (level 11, -2/94 HPs)
             Began as a Troll Fighter on June 26, 2022.
             Was a Believer of the Shining One.
             Succumbed to a black mamba's poison
             ... on level 6 of the Lair of Beasts.
             The game lasted 00:17:46 (9138 turns).

DocClef the Blocker (Troll Fighter)                 Turns: 9138, Time: 00:17:47

Health: -2/94      AC:  7    Str: 30    XL:     11   Next: 25%
Magic:  1/10       EV: 10    Int:  4    God:    the Shining One [**....]
Gold:   966        SH: 13    Dex: 21    Spells: 10/10 levels left

rFire   . . .      SeeInvis .     - Unarmed
rCold   . . .      Faith    .   b - +0 kite shield
rNeg    + . .      Spirit   +   y - +0 steam dragon scales
rPois   .          Reflect  .   (helmet restricted)
rElec   .          Harm     .   (no cloak)
rCorr   .          Rampage  .   (gloves unavailable)
Will    .....                   (boots unavailable)
Stlth   +.........              e - amulet of guardian spirit
HPRegen 1.05/turn               g - +6 ring of dexterity
MPRegen 0.12/turn               p - +6 ring of dexterity

@: lethally poisoned (-2 -> -12), glowing
A: large, unfitting armour, claws 3, regeneration 1, shaggy fur 1, tough skin 1
a: Renounce Religion, Divine Shield


You were on level 6 of the Lair of Beasts.
You worshipped the Shining One.
The Shining One was pleased with you.
You visited 3 branches of the dungeon, and saw 15 of its levels.
You also visited: Sewer and Ossuary.

You collected 966 gold pieces.

Inventory:

Missiles
 d - 11 curare-tipped darts (quivered)
Armour
 b - a +0 kite shield (worn)
 y - +0 steam dragon scales (worn)
Jewellery
 e - an amulet of guardian spirit (around neck)
 g - a +6 ring of dexterity (left claw)
 i - a +6 ring of intelligence
 p - a +6 ring of dexterity (right claw)
 s - a ring of willpower
Scrolls
 h - 3 scrolls of vulnerability
 l - 2 scrolls of fog
 r - 3 scrolls of noise
 t - a scroll of teleportation
 u - a scroll of brand weapon
 w - a scroll of blinking
 x - 4 scrolls of identify
Potions
 c - 3 potions of might
 f - 4 potions of lignification
 j - 3 potions of brilliance {unknown}
 k - 5 potions of flight
 m - 2 potions of invisibility
 n - 2 potions of attraction {unknown}
 o - 4 potions of curing
 q - 2 potions of cancellation {unknown}
 v - a potion of berserk rage {unknown}
 z - 4 potions of degeneration {unknown}


   Skills:
 - Level 2.4 Fighting
 - Level 2.4 Dodging
 - Level 12.0 Shields
 + Level 11.2 Unarmed Combat


You had 10 spell levels left.
You didn't know any spells.
Your spell library contained the following spells:

 Spells                   Type           Power      Damage    Failure   Level
 Shock                    Conj/Air       0%         1d3       69%         1
 Dazzling Flash           Conj/Hex       0%         N/A       96%         3
 Swiftness                Air            0%         N/A       96%         3
 Airstrike                Air            0%         N/A       100%        4
 Agony                    Necr           0%         N/A       100%        5
 Silence                  Hex/Air        0%         N/A       100%        5


Dungeon Overview and Level Annotations

Branches:
Dungeon (10/15)            Temple (1/1) D:7            Lair (3/6) D:10
    Orc (0/2) D:9           Sewer (visited)         Ossuary (visited)
  Swamp: Lair:2-4    Shoals: Lair:2-4     Snake: Lair:2-4    Spider: Lair:2-4

Altars:
Ashenzari
Cheibriados
Dithmenos
Elyvilon
Fedhas
Gozag
Hepliaklqana
Kikubaaqudgha
Makhleb
Nemelex Xobeh
Okawaru
Qazlal
Ru
Sif Muna
Trog
Uskayaw
Vehumet
Wu Jian
Xom
Yredelemnul
Zin
The Shining One

Shops:
D:2 =   D:5 (   D:6 =   D:9 (

Annotations:
Lair:1 Sonja


Innate Abilities, Weirdness & Mutations

You are too large for most types of armour.
You have claws for hands.
Your natural rate of healing is unusually fast.
You are covered in fur. (AC +1)
You have tough skin. (AC +1)


Message History

You closely miss the black mamba.
The black mamba is lightly wounded.
Your surroundings suddenly seem different.
Unknown command.
You start resting.
A black mamba is nearby!
The black mamba hisses angrily.
You barely miss the black mamba. The black mamba closely misses you.
The black mamba barely misses you.
You barely miss the black mamba. The black mamba closely misses you.
You closely miss the black mamba. The black mamba bites you!
You are poisoned.
The black mamba poisons you! The black mamba barely misses you.
You mangle the black mamba!!
The black mamba is heavily wounded.
You feel very sick. You block the black mamba's attack.
Unknown command.
You scratch the black mamba but do no damage.
The black mamba is heavily wounded.
You feel sick. The black mamba bites you.
The black mamba bites you but does no damage.
You closely miss the black mamba.
The black mamba is heavily wounded.
You feel very sick. The black mamba bites you!
* * * LOW HITPOINT WARNING * * *
You are more poisoned.
The black mamba poisons you! The black mamba bites you!
* * * LOW HITPOINT WARNING * * *
You claw the black mamba!
The black mamba is severely wounded.
* * * LOW HITPOINT WARNING * * *
You feel very sick. The black mamba bites you.
* * * LOW HITPOINT WARNING * * *
Unknown command.
You scratch the black mamba.
The black mamba is almost dead.
You die...

#...#
.....#
#...#
...... #..#
...#...#
(.# ##...#
##....
###.....P
###........
#..........
#@S........
###....P...
###..P...
##.P.. #.#
#


You could see a black mamba.

Vanquished Creatures
  A death yak (D:8)
  Pikel (D:7)
  Joseph (D:8)
  A black mamba (Lair:1)
  An elephant (D:8)
  A rime drake (Lair:3)
  Maggie (D:8)
  A cane toad (Lair:3)
  2 komodo dragons
  A hornet (D:7)
  Prince Ribbit (D:6)
  9 yaks
  A wraith (D:9)
  2 wyverns
  A basilisk (D:9)
  2 steam dragons
  Menkaure (D:6)
  4 water moccasins
  An orc warrior (D:9)
  A sky beast (D:8)
  A black bear (D:8)
  4 wolves (Lair:1)
  A necrophage (D:5)
  4 ogres
  A phantom (D:6)
  2 centaurs (D:9)
  A kobold brigand (Sewer)
  A bullfrog (D:7)
  A gnoll sergeant (D:8)
  3 scorpions
  A wyvern skeleton (D:7)
  A water moccasin skeleton (D:5)
  4 wights (D:7)
  3 centaur skeletons
  4 centaur zombies
  A gnoll shaman (D:9)
  5 orc priests
  3 hounds
  A jelly (D:5)
  4 iguanas
  5 orc wizards
  A killer bee zombie (D:9)
  A hound zombie (D:5)
  8 mummies (Ossuary)
  A howler monkey skeleton (D:5)
  9 adders
  27 gnolls
  3 river rats (Sewer)
  3 white imps
  An ufetubus (D:4)
  An adder skeleton (D:4)
  2 worms
  7 dart slugs
  19 orcs
  3 ball pythons
  14 endoplasms
  A giant cockroach (D:2)
  3 gnoll zombies (Ossuary)
  4 goblins
  6 hobgoblins
  10 jackals
  5 quokkas
  4 bats
  5 frilled lizards
  A goblin zombie (D:6)
  A hobgoblin zombie (Ossuary)
  7 kobolds
  3 kobold zombies (Ossuary)
  An orc zombie (Ossuary)
  13 rats
  A rat zombie (D:6)
250 creatures vanquished.

Vanquished Creatures (others)
  A hobgoblin (D:2)
  3 fungi
  15 plants
19 creatures vanquished.

Grand Total: 269 creatures vanquished

Notes
Turn   | Place    | Note
-------+----------+-------------------------------------------
     0 | D:1      | DocClef the Troll Fighter began the quest for the Orb.
     0 | D:1      | Reached XP level 1. HP: 22/22 MP: 0/0
    91 | D:1      | Reached XP level 2. HP: 29/29 MP: 1/1
   424 | D:1      | Reached XP level 3. HP: 34/36 MP: 2/2
   629 | D:2      | Found Gousix's Jewellery Boutique.
   674 | D:2      | Found a faded altar of an unknown god.
   882 | D:2      | Reached XP level 4. HP: 44/44 MP: 3/3
  1365 | D:3      | Reached skill level 5 in Unarmed Combat
  1425 | D:3      | Reached XP level 5. HP: 47/50 MP: 2/4
  2028 | D:4      | Noticed an ogre
  2044 | D:4      | Killed an ogre
  2045 | D:4      | Reached XP level 6. HP: 45/59 MP: 2/5
  2455 | D:4      | Reached skill level 3 in Shields
  2587 | D:4      | Noticed a steam dragon
  2595 | D:4      | Killed a steam dragon
  2596 | D:4      | Reached XP level 7. HP: 27/66 MP: 3/6
  2612 | D:4      | Reached skill level 4 in Shields
  3171 | D:5      | Entered Level 5 of the Dungeon
  3171 | D:5      | Noticed a six-headed hydra
  3171 | D:5      | Found Luorghise's Hydra Hut.
  3241 | D:5      | Found a glowing drain.
  3257 | Sewer    | Entered a sewer
  3342 | Sewer    | Reached skill level 5 in Shields
  3365 | Sewer    | Found a glowing silver altar of Zin.
  3491 | D:5      | Reached XP level 8. HP: 65/74 MP: 5/7
  3640 | D:5      | Reached skill level 6 in Shields
  4113 | D:5      | Reached skill level 7 in Shields
  4341 | D:6      | Noticed Menkaure
  4345 | D:6      | Killed Menkaure
  4410 | D:6      | Noticed Prince Ribbit
  4414 | D:6      | Found Kynaex's Jewellery Boutique.
  4431 | D:6      | Killed Prince Ribbit
  4432 | D:6      | Reached skill level 8 in Shields
  4533 | D:6      | Found a sand-covered staircase.
  4588 | Ossuary  | Entered an ossuary
  4791 | D:6      | Reached XP level 9. HP: 72/80 MP: 5/8
  5248 | D:7      | Found a stormy altar of Qazlal.
  5374 | D:7      | Found a staircase to the Ecumenical Temple.
  5457 | Temple   | Entered the Ecumenical Temple
  5471 | Temple   | Became a worshipper of the Shining One
  5815 | D:7      | Reached skill level 9 in Shields
  6629 | D:7      | Noticed Pikel
  6639 | D:7      | Killed Pikel
  6640 | D:7      | Reached skill level 10 in Shields
  6809 | D:8      | Noticed Maggie
  6809 | D:8      | Reached * piety under the Shining One
  6862 | D:8      | Killed Maggie
  6863 | D:8      | Reached skill level 11 in Shields
  6863 | D:8      | Reached XP level 10. HP: 53/88 MP: 5/9
  6952 | D:8      | Noticed Joseph
  6972 | D:8      | Killed Joseph
  7068 | D:8      | You fall into a shaft and drop 1 floor!
  7068 | D:9      | Found Fahuneg's Weapon Shop.
  7068 | D:9      | Found a staircase to the Orcish Mines.
  7658 | D:8      | Identified the +7 war axe of Woocanta {spect, Fly Stlth+}
  8066 | D:9      | Reached skill level 12 in Shields
  8259 | D:10     | Entered Level 10 of the Dungeon
  8262 | D:10     | Found a staircase to the Lair.
  8262 | D:10     | Noticed an elephant
  8263 | D:10     | Noticed a death yak
  8371 | D:8      | Killed an elephant
  8381 | D:8      | Killed a death yak
  8720 | Lair:1   | Entered Level 1 of the Lair of Beasts
  8720 | Lair:1   | Noticed a black mamba
  8730 | Lair:1   | Killed a black mamba
  8825 | Lair:1   | Reached skill level 10 in Unarmed Combat
  8834 | Lair:1   | Reached XP level 11. HP: 47/94 MP: 5/10
  8838 | Lair:1   | HP: 3/94 [wolf (7)]
  8971 | Lair:1   | Noticed Sonja
  9073 | Lair:3   | You fall into a shaft and drop 3 floors!
  9073 | Lair:6   | Entered Level 6 of the Lair of Beasts
  9073 | Lair:6   | Reached ** piety under the Shining One
  9085 | Lair:6   | Noticed an ice dragon
  9137 | Lair:6   | HP: 2/94 [poisoned by a black mamba]
  9138 | Lair:6   | Succumbed to a black mamba's poison

Illustrated notes

Levels and vault maps discovered:
D:1:      dpeg_arrival_erosion, layout_basic, minmay_misc_feat_five,
          minmay_box_of_dots
D:2:      layout_loops_cross, serial_shops, shop,
          hellmonk_ecumenical_altar_blasted, lemuel_flame_loot_1
D:3:      layout_loops_ring
D:4:      layout_basic
D:5:      layout_basic, portal_sewer_entry_a, doesnt_shop_hydraphobe
D:6:      layout_basic, enter_ossuary_4, serial_shops, nicolae_lakefront_shop,
          nicolae_elevator_lobby_plus, uniq_prince_ribbit1, uniq_menkaure
D:7:      layout_basic, nicolae_qazlal_style_of_elements,
          minmay_temple_entry_statues_pillars, hangedman_decor_opposing,
          uniq_pikel
D:8:      layout_basic, uniq_maggie, uniq_joseph
D:9:      layout_cave_pools, orc_david_3, minmay_misc_feat_diagonals
D:10:     minmay_octagon_keep, layout_small_grid, david_lair_generic
Temple:   nicolae_temple_the_god_donut
Lair:1:   lemuel_slime, layout_chaotic_city, serial_bayou_shore_b,
          grunt_megastairs_5, uniq_sonja
Lair:2:   layout_misc_corridors, minmay_snake_entry_guardpost_small,
          portal_ice_cave_rime, worms_lemuel
Lair:3:   layout_chaotic_city, elwin_shoals_entry_rooms, uniq_snorg
Lair:6:   hangedman_lair_caniforms_friends, layout_regular_city,
          hangedman_lair_tendril_chambers, dpeg_slime_entry_corner,
          fungi_pond_lemuel, bobbens_ice_dragon_lair

Skill      XL: |  1  2  3  4  5  6  7  8  9 10 11 |
---------------+----------------------------------+-----
Unarmed Combat | 3 4 5 6 7 10 11 | 11.2
Shields        | 3 5 8 11 12 | 12.0
Fighting       | |  2.4
Dodging        | |  2.4

Action                   |  1- 3 |  4- 6 |  7- 9 | 10-12 || total
-------------------------+-------+-------+-------+-------++-------
Melee: Unarmed           |    67 |   131 |   304 |   210 ||   712
Throw: Dart              |       |       |       |     2 ||     2
Invok: Divine Shield     |       |       |       |     1 ||     1
  Use: Scroll            |       |       |     9 |     4 ||    13
       Potion            |       |       |     1 |     5 ||     6
 Stab: Sleeping          |     1 |     4 |     2 |       ||     7
       Distracted        |     1 |       |       |       ||     1
Armor: Robe              |     9 |    12 |    57 |       ||    78
       Steam dragon scal |       |       |       |    93 ||    93
Dodge: Dodged            |    16 |    36 |    81 |    95 ||   228
Block: Kite shield       |    17 |    44 |   126 |   184 ||   371
